 Dungeon Crawl Stone Soup version 0.29-a0-925-g0a7a3d12f8 (webtiles) character file.

Game seed: 3962513762454340026

324 Ajdolov the Digger (level 6, -1/45 HPs)
             Began as a Ghoul Earth Elementalist on July 29, 2022.
             Was an Initiate of Vehumet.
             Slain by a gnoll
             ... wielding a +0 halberd
              (5 damage)
             ... on level 4 of the Dungeon.
             The game lasted 00:08:23 (4327 turns).

Ajdolov the Digger (Ghoul Earth Elementalist)       Turns: 4327, Time: 00:08:24

Health: -1/45      AC:  5    Str: 12    XL:     6   Next: 48%
Magic:  3/7        EV: 12    Int: 12    God:    Vehumet [......]
Gold:   170        SH:  0    Dex:  9    Spells: 4/8 levels left

rFire   . . .      SeeInvis .   d - +0 dagger
rCold   + . .      Faith    .   (no shield)
rNeg    + + +      Spirit   .   a - +0 robe
rPois   ∞          Reflect  .   (no helmet)
rElec   .          Harm     .   l - +0 cloak
rCorr   .          Rampage  .   j - +0 pair of gloves
Will    .....                   h - +0 pair of boots
Stlth   ++........              (no amulet)
HPRegen 0.00/turn               (no ring)
MPRegen 0.10/turn               (no ring)

@: inhibited regen
A: claws 1, cold resistance 1, negative energy resistance 3, inhibited
regeneration, torment resistance 2, devour on kill
a: Renounce Religion


You were on level 4 of the Dungeon.
You worshipped Vehumet.
Vehumet was noncommittal.
You visited 1 branch of the dungeon, and saw 4 of its levels.

You collected 170 gold pieces.

Inventory:

Hand Weapons
 d - a +0 dagger (weapon)
Armour
 a - a +0 robe (worn)
 h - a +0 pair of boots (worn)
 j - a +0 pair of gloves (worn)
 l - a +0 cloak (worn)
Jewellery
 t - an amulet of magic regeneration
Wands
 m - a wand of flame (24)
Scrolls
 c - 2 scrolls of identify {unknown}
 f - 2 scrolls of immolation {unknown}
 g - 3 scrolls of noise {unknown}
 i - 4 scrolls of poison {unknown}
 k - a scroll of torment {unknown}
 o - a scroll of enchant armour {unknown}
 r - a scroll of amnesia {unknown}
 s - a scroll of summoning {unknown}
 u - 2 scrolls of teleportation {unknown}
Potions
 e - 2 potions of attraction {unknown}
 n - 2 potions of haste {unknown}
 p - a potion of resistance {unknown}
 q - a potion of berserk rage {unknown}


   Skills:
 - Level 1.7 Dodging
 - Level 2.1 Stealth
 - Level 1.7 Spellcasting
 * Level 4.1 Conjurations
 - Level 0.8 Transmutations
 - Level 5.2 Earth Magic


You had 4 spell levels left.
You knew the following spells:

 Your Spells              Type           Power      Damage    Failure   Level
a - Sandblast             Erth           26%        2d8       3%          1
b - Stone Arrow           Conj/Erth      24%        3d8       12%         3

Your spell library contained the following spells:

 Spells                   Type           Power      Damage    Failure   Level
 Passwall                 Tmut/Erth      6%         N/A       12%         2
 Apportation              Tloc           2%         N/A       28%         1
 Necrotise                Necr           4%         1d4       28%         1
 Summon Small Mammal      Summ           4%         N/A       28%         1
 Petrify                  Tmut/Erth      8%         N/A       61%         4


Dungeon Overview and Level Annotations

Branches:
Dungeon (4/15)
 Temple: D:4-7

Altars:
Cheibriados
Fedhas
Vehumet

Annotations:
D:4 exclusion: ogre


Innate Abilities, Weirdness & Mutations

You are immune to poison.
You have sharp fingernails.
Your flesh is cold resistant. (rC+)
You are immune to negative energy. (rN+++)
You do not regenerate when monsters are visible.
You are immune to unholy pain and torment.
You thrive by killing the living.


Message History

The gnoll barely misses you. The gnoll closely misses you.
Unknown command.
There is a stone staircase leading up here.
The gnoll misses you.
You climb upwards.
There is a stone staircase leading down here.
You see here a ball python skeleton.
You start resting.
Magic restored.
You climb downwards.
Level annotation: exclusion: ogre
There is a stone staircase leading up here.
Aiming: Sandblast (safe; 3% risk of failure)
Press: ? - help, Q - select action, (/) - cycle Shift-Dir - straight line, f - gnoll
Aim: a gnoll, wielding a +0 halberd (84% to hit)
The blast of sand hits the gnoll.
The gnoll is moderately wounded.
The gnoll misses you. The gnoll barely misses you.
Unknown command.
Aiming: Sandblast (safe; 3% risk of failure)
Press: ? - help, Q - select action, (/) - cycle Shift-Dir - straight line, f/p - gnoll
Aim: a gnoll, wielding a +0 halberd (moderately wounded, 84% to hit)
The blast of sand misses the gnoll.
The gnoll hits you from afar with a +0 halberd!
The gnoll closely misses you.
Aiming: Sandblast (safe; 3% risk of failure)
Press: ? - help, Q - select action, (/) - cycle Shift-Dir - straight line, f/p - gnoll
Aim: a gnoll, wielding a +0 halberd (moderately wounded, 84% to hit)
The blast of sand hits the gnoll.
The gnoll is heavily wounded.
The gnoll hits you from afar with a +0 halberd! x2
Aiming: Sandblast (safe; 3% risk of failure)
Press: ? - help, Q - select action, (/) - cycle Shift-Dir - straight line, f/p - gnoll
Aim: a gnoll, wielding a +0 halberd (heavily wounded, 84% to hit)
The blast of sand hits the gnoll.
The gnoll is almost dead.
The gnoll hits you from afar with a +0 halberd!
* * * LOW HITPOINT WARNING * * *
The gnoll hits you from afar with a +0 halberd.
You die...

...........###.#.#.#.(g..#
#...
#...#########...#.##.....#
#... #...# ##.#.#########
##.. #...# #.### #.# #...#
#.# ##. #...# #.# #. #...#
#.# #. ....# #g#### #.
##### #..@.# #########.
####.######.........
#........########
##########


You could see a gnoll.

Vanquished Creatures
  A jelly (D:4)
  An orc priest (D:3)
  A hound (D:4)
  An iguana (D:4)
  Terence (D:2)
  4 adders
  5 gnolls
  An ufetubus (D:4)
  3 worms
  4 dart slugs
  3 orcs (D:3)
  7 endoplasms
  2 giant cockroaches
  7 goblins
  4 hobgoblins
  2 quokkas
  15 ball pythons
  8 bats
  3 frilled lizards
  6 kobolds
  5 rats
84 creatures vanquished.

Vanquished Creatures (others)
  3 fungi (D:1)
  4 plants
7 creatures vanquished.

Grand Total: 91 creatures vanquished

Notes
Turn   | Place    | Note
-------+----------+-------------------------------------------
     0 | D:1      | Ajdolov the Ghoul Earth Elementalist began the quest for
                  | the Orb.
     0 | D:1      | Reached XP level 1. HP: 14/14 MP: 2/2
   280 | D:1      | Found a faded altar of an unknown god.
   294 | D:1      | Reached XP level 2. HP: 17/20 MP: 1/3
   306 | D:1      | Reached skill level 4 in Earth Magic
   761 | D:1      | Reached XP level 3. HP: 26/26 MP: 1/4
  1075 | D:1      | Reached skill level 1 in Conjurations
  1172 | D:2      | Reached XP level 4. HP: 10/33 MP: 0/5
  1419 | D:2      | Reached skill level 5 in Earth Magic
  1454 | D:2      | Learned a level 3 spell: Stone Arrow
  1519 | D:2      | Noticed Terence
  1536 | D:2      | Killed Terence
  2167 | D:2      | Reached XP level 5. HP: 38/38 MP: 2/6
  2318 | D:3      | Found a snail-covered altar of Cheibriados.
  2319 | D:3      | Noticed a torpor snail
  2612 | D:3      | Found a blossoming altar of Fedhas.
  3559 | D:4      | Reached XP level 6. HP: 45/45 MP: 1/7
  3645 | D:4      | Found a radiant altar of Vehumet.
  3654 | D:4      | Became a worshipper of Vehumet
  4327 | D:4      | Slain by a gnoll

Illustrated notes

Levels and vault maps discovered:
D:1:      minmay_arrival_stair_chambers, layout_basic,
          dreamdust_ecumenical_altar_grove
D:2:      layout_rooms, serial_bayou_pond_e, minmay_tromino_v4_a, uniq_terence
D:3:      layout_basic, overflow_temple_1_default, cheibriados_altar_2
D:4:      layout_loops_cross, mainiacjoe_overflow_paths, serial_shops,
          kennysheep_little_box

Skill      XL: |  1  2  3  4  5  6 |
---------------+-------------------+-----
Earth Magic    | 4 5 |  5.2
Conjurations   | 1 2 3 4 |  4.1
Dodging        | |  1.7
Stealth        | |  2.1
Spellcasting   | |  1.7
Transmutations | |  0.8

Action                   |  1- 3 |  4- 6 || total
-------------------------+-------+-------++-------
Melee: Unarmed           |     8 |       ||     8
       Dagger            |     3 |    21 ||    24
       Punch             |       |     2 ||     2
 Cast: Sandblast         |    41 |   123 ||   164
       Stone Arrow       |       |     2 ||     2
  Use: Potion            |       |     1 ||     1
 Stab: Distracted        |       |     1 ||     1
Armor: Robe              |     5 |    40 ||    45
Dodge: Dodged            |    23 |    95 ||   118

Table legend: (Time is in decaauts)
 A = Elapsed time spent in this place.
 B = Non-inter-level travel time spent in this place.
 C = Inter-level travel time spent in this place.
 D = Time resting spent in this place.
 E = Time spent auto-exploring this place.
 F = Levels seen in this place.
 G = Mean time per level.
                   A        B        C        D        E       F      G
               +--------+--------+--------+--------+--------+-----+--------+
         Total |   4495 |   4300 |    195 |   1119 |   2225 |   4 | 1123.8 |
       Dungeon |   4495 |   4300 |    195 |   1119 |   2225 |   4 | 1123.8 |
               +--------+--------+--------+--------+--------+-----+--------+

Top non-repeatable levels by time:
     D:1: 1389 daAuts
     D:3: 1236 daAuts
     D:2: 984 daAuts
     D:4: 885 daAuts
